 Dungeon Crawl Stone Soup version 0.23-a0-370-gf497b7c (webtiles) character file.

170 Garbasso the Digger (level 5, -10/30 HPs)
             Began as a Gargoyle Earth Elementalist on Oct 24, 2018.
             Killed from afar by Blork the orc (18 damage)
             ... with an exploding inner flame
             ... hexed by the player character
             ... on level 4 of the Dungeon.
             The game lasted 00:08:56 (3035 turns).

Garbasso the Digger (Gargoyle Earth Elementalist)   Turns: 3035, Time: 00:08:56

Health: -10/30     AC: 10    Str: 16    XL:     5   Next: 51%
Magic:  5/9        EV: 12    Int: 17    God:
Gold:   109        SH:  0    Dex: 10    Spells: 5/9 levels left

rFire    . . .     SeeInvis .   a - +0 short sword
rCold    . . .     Gourm    .   (no shield)
rNeg     + . .     Faith    .   c - +0 robe
rPois    ∞         Spirit   .   (no helmet)
rElec    +         Reflect  .   n - +2 cloak
rCorr    .         Harm     .   m - +0 pair of gloves
MR       .....                  (no boots)
Stlth    ++........             (no amulet)
HPRegen  0.10/turn              l - +5 ring of strength
MPRegen  0.11/turn              (no ring)

@: no status effects
A: negative energy resistance 1, electricity resistance, unbreathing,
petrification resistance, rot immunity, AC +4
a: no special abilities


You were on level 4 of the Dungeon.
You were very hungry.

You visited 1 branch of the dungeon, and saw 4 of its levels.

You collected 109 gold pieces.

Inventory:

Hand Weapons
 a - a +0 short sword (weapon)
Missiles
 b - 48 stones (quivered)
Armour
 c - a +0 robe (worn)
 m - a +0 pair of gloves (worn)
 n - a +2 cloak (worn)
Jewellery
 l - a +5 ring of strength (left hand)
Scrolls
 e - a scroll of remove curse
 g - 4 scrolls of identify
 h - 3 scrolls of teleportation {unknown}
Potions
 i - a potion of magic
 j - 3 potions of curing
 k - 2 potions of haste
Comestibles
 d - 7 rations


   Skills:
 + Level 2.3 Fighting
 - Level 1.5 Dodging
 - Level 2.1 Stealth
 + Level 2.9 Spellcasting
 + Level 1.2 Conjurations
   Level 0.7 Transmutations
 * Level 5.6 Earth Magic


You had 5 spell levels left.
You knew the following spells:

 Your Spells              Type           Power        Failure   Level  Hunger
a - Sandblast             Erth           ###...       1%          1    None
b - Stone Arrow           Conj/Erth      ##....       13%         3    ###....

Your spell library contained the following spells:

 Spells                   Type           Power        Failure   Level  Hunger
 Passwall                 Tmut/Erth      ##......     7%          2    ##.....
 Petrify                  Tmut/Erth      ##......     43%         4    ####...
 Lee's Rapid Deconstruct  Erth           ###.......   43%         5    ######.


Dungeon Overview and Level Annotations

Branches:
Dungeon (4/15)
 Temple: D:4-7

Altars:
Gozag
Hepliaklqana
Okawaru
Sif Muna


Innate Abilities, Weirdness & Mutations

You are resistant to torment.
Your stone body is resilient. (AC +4)
You are immune to poison.
You resist negative energy. (rN+)
You are resistant to electric shocks. (rElec)
You can survive without breathing.
You are immune to petrification.
You are immune to rotting.


Message History

Aiming: Sandblast (safe; 1% risk of failure)
Press: ? - help, Shift-Dir - straight line, f/p - Blork the orc
Aim: Blork the orc, wielding a +0 battleaxe and wearing a +2 robe of cold The blast of sand hits Blork the orc.
Blork the orc is almost dead.
b - 48 stones Blork the orc hits you but does no damage.
Blork the orc mumbles some strange words.
Blork the orc flickers and vanishes!
Deactivating autopickup; reactivate with Ctrl-A.
Casting: Sandblast (safe; 1% risk of failure)
Confirm with . or Enter, or press ? or * to list all spells.
You can't see any susceptible monsters within range! (Use Z to cast anyway.)
Casting: Sandblast (safe; 1% risk of failure)
Confirm with . or Enter, or press ? or * to list all spells.
Aiming: Sandblast (safe; 1% risk of failure)
Press: ? - help, Shift-Dir - straight line The blast of sand hits something.
The fiery explosion engulfs you!
Ouch! That really hurt!
You die...

#. #. ########...
#$######........#
#..........#
########.#.#
#.#.# #.#§# #.#§#
#.#@# #.#.#
######>#(.
#......####
#.###### #.# #.#
#.# #.# #(#
#.#####.#


There were no monsters in sight!

Vanquished Creatures
  A crimson imp (D:3)
  5 adders
  An ooze (D:3)
  An adder skeleton (D:4)
  3 worms
  3 leopard geckos
  6 orcs (D:3)
  10 giant cockroaches
  4 goblins
  7 hobgoblins
  7 kobolds
  A quokka (D:3)
  2 ball pythons
  6 bats
  2 frilled lizards
  8 rats
67 creatures vanquished.

Notes
Turn   | Place    | Note
-------+----------+-------------------------------------------
     0 | D:1      | Garbasso the Gargoyle Earth Elementalist began the quest
                  | for the Orb.
     0 | D:1      | Reached XP level 1. HP: 10/10 MP: 3/3
    79 | D:1      | Reached XP level 2. HP: 10/16 MP: 1/5
    80 | D:1      | Reached skill level 4 in Earth Magic
   473 | D:1      | Reached skill level 1 in Fighting
   760 | D:2      | Reached XP level 3. HP: 17/20 MP: 6/6
  1099 | D:2      | Found an iron altar of Okawaru.
  1304 | D:2      | Learned a level 3 spell: Stone Arrow
  1427 | D:2      | Reached XP level 4. HP: 25/25 MP: 5/7
  1493 | D:2      | Found a deep blue altar of Sif Muna.
  1526 | D:2      | Found an opulent altar of Gozag.
  1794 | D:3      | Reached skill level 5 in Earth Magic
  2530 | D:3      | Reached XP level 5. HP: 30/30 MP: 7/9
  2537 | D:3      | Reached skill level 1 in Conjurations
  2679 | D:3      | Found a hazy altar of Hepliaklqana.
  3012 | D:4      | Noticed Blork the orc
  3035 | D:4      | Killed Blork the orc
  3035 | D:4      | Killed from afar by Blork the orc

Vault maps used:
D:1:      elethiomel_arrival_shortcut
D:2:      minmay_roachtagon, nicolae_overflow_crystal_walls, led_sif_pool,
          nicolae_overflow_hidden_temple, due_unseen_surprise
D:3:      lemuel_coloured_pillars_altar
D:4:      chequers_serial_rivers_small_b, uniq_blork_the_orc, uniq_natasha

Skill      XL: |  1  2  3  4  5 |
---------------+----------------+-----
Earth Magic    | 4 5 |  5.6
Fighting       | 1 2 |  2.3
Conjurations   | 1 |  1.2
Dodging        | |  1.5
Stealth        | |  2.1
Spellcasting   | |  2.9
Transmutations | |  0.7

Action                   |  1- 3 |  4- 6 || total
-------------------------+-------+-------++-------
Melee: Short sword       |   110 |    76 ||   186
 Cast: Sandblast         |    21 |    24 ||    45
       Stone Arrow       |     1 |     8 ||     9
  Use: Scroll            |       |     5 ||     5
  Eat: Chunk             |     2 |     5 ||     7
Armor: Robe              |    64 |    23 ||    87
Dodge: Dodged            |   109 |    60 ||   169

Table legend:
 A = Non-vault XP
 B = Vault XP
 C = Vault XP percentage of total XP
 D = Non-vault monster count
 E = Vault monster count
 F = Vault count percentage of total count
                 A         B        C        D         E       F
            +---------+---------+-------+---------+---------+-------
      Total |     228 |      16 |   6.6 |      59 |       8 |  11.9
            +---------+---------+-------+---------+---------+-------
        D:1 |      29 |       0 |   0.0 |      18 |       0 |   0.0
        D:2 |      38 |      16 |  29.6 |      14 |       8 |  36.4
        D:3 |     143 |       0 |   0.0 |      25 |       0 |   0.0
        D:4 |      18 |       0 |   0.0 |       2 |       0 |   0.0
            +---------+---------+-------+---------+---------+-------
